[Event "Titled Tuesday Blitz March 29 Early 2022"]
[White "Taboas Rodriguez, Daniel"]
[Black "Martin Carmona, Gaston Manuel"]
[WhiteFideId "2208466"]
[BlackFideId "22284567"]
[WhiteElo "2626"]
[BlackElo "2501"]
[Result "1-0"]
[Round "09"]
[TimeControl "180+1"]
[Date "2022.03.30"]
[WhiteClock "0:02:06"]
[BlackClock "0:00:12"]

1. d4 Nf6 2. Nf3 g6 3. c4 Bg7 4. Nc3 O-O 5. e4 d6 6. Be2 e5 7. dxe5 dxe5 8. Qxd8 Rxd8 9. Bg5 Re8 10. Nd5 Nxd5 11. cxd5 c6 12. Bc4 cxd5 13. Bxd5 Nd7 14. O-O-O Nc5 15. Kb1 Ne6 16. Be3 Nf4 17. Bxf4 exf4 18. Ng5 Rf8 19. Bb3 h6 20. Nxf7 Rxf7 21. Rd8+ Bf8 22. Rc1 Be6 23. Rxa8 Bxb3 24. axb3 Kg7 25. Rxa7 Re7 26. f3 Rd7 27. Ra8 Bb4 28. Rac8 Kf6 29. R8c7 Rd2 30. R1c2 Rd1+ 31. Ka2 Be1 32. Rxb7 Kg5 33. Rb6 Kh5 34. b4 Bh4 35. b5 Bd8 36. Rb8 Rd7 37. b6 Rd6 38. b7 Ra6+ 39. Kb1 Bb6 1-0


[Site "https://www.chess.com"]

[Event "Titled Tuesday Blitz March 29 Early 2022"]
[White "Tan, Jun Ying"]
[Black "Majdan, Joanna"]
[WhiteFideId "5710413"]
[BlackFideId "1121979"]
[WhiteElo "2547"]
[BlackElo "2419"]
[Result "1-0"]
[Round "09"]
[TimeControl "180+1"]
[Date "2022.03.30"]
[WhiteClock "0:00:32"]
[BlackClock "0:00:05"]

1. Nf3 Nf6 2. b3 e6 3. Bb2 d5 4. e3 c5 5. c4 Be7 6. cxd5 exd5 7. d4 O-O 8. Be2 Nc6 9. O-O Be6 10. dxc5 Bxc5 11. Nc3 Ne4 12. Na4 Bd6 13. Rc1 Qe7 14. Qd3 Rad8 15. Qb1 Bf5 16. Qa1 f6 17. Nc3 Nxc3 18. Bxc3 Qf7 19. Nd4 Bc8 20. Nxc6 bxc6 21. Bd4 Bd7 22. Bxa7 Qg6 23. Bc5 Be5 24. Bd4 Bd6 25. Bf3 f5 26. Be5 Be7 27. Qd4 Rde8 28. b4 Qe6 29. Bxg7 Rf7 30. Be5 Bxb4 31. Qxb4 Qxe5 32. Rfe1 Rg7 33. a4 Rf8 34. a5 Be8 35. Qd4 Qd6 36. a6 h5 37. a7 Bg6 38. Rxc6 Qd8 39. Qxd5+ Kh7 40. Qxd8 Rxd8 41. Rxg6 1-0


[Site "https://www.chess.com"]

[Event "Titled Tuesday Blitz March 29 Early 2022"]
[White "Tasev, Dejan"]
[Black "Posthuma, Joshua"]
[WhiteFideId "936618"]
[BlackFideId "2096889"]
[WhiteElo "2253"]
[BlackElo "2176"]
[Result "1-0"]
[Round "09"]
[TimeControl "180+1"]
[Date "2022.03.29"]
[WhiteClock "0:00:17"]
[BlackClock "0:00:29"]

1. e4 c6 2. d4 d5 3. Nc3 dxe4 4. Nxe4 Nf6 5. Nxf6+ gxf6 6. Bc4 Bf5 7. Ne2 e6 8. Ng3 Bg6 9. h4 h5 10. c3 Bd6 11. Qf3 Nd7 12. Ne4 Bxe4 13. Qxe4 f5 14. Qf3 Qb6 15. Qe2 O-O-O 16. Bg5 Rde8 17. O-O-O Qc7 18. g3 f4 19. Kb1 fxg3 20. fxg3 Bxg3 21. Rhf1 Nb6 22. Bb3 e5 23. Rxf7 Qd6 24. Qf3 e4 25. Qf5+ Kb8 26. c4 Qe6 27. Bf4+ Bxf4 28. Qxf4+ Ka8 29. Qc7 Qc8 30. Qxc8+ Nxc8 31. c5 Ne7 32. Rg1 e3 33. Bc4 Rhg8 34. Rxg8 Nxg8 35. Be2 Nh6 36. Rf6 Ng4 37. Rf4 a6 38. Kc2 Nf2 39. b4 Ne4 40. Bxh5 Ng3 41. Bxe8 e2 42. Kd2 a5 43. a3 axb4 44. axb4 Ka7 45. Rg4 Nf5 46. Kxe2 Ka6 47. Bd7 Ne7 48. Be6 Kb5 49. h5 Kxb4 50. h6 1-0


[Site "https://www.chess.com"]

[Event "Titled Tuesday Blitz March 29 Early 2022"]
[White "Todorovic, Bojan"]
[Black "Fajdetic, Hrvoje"]
[WhiteFideId "917087"]
[BlackFideId "14501945"]
[WhiteElo "2266"]
[BlackElo "2172"]
[Result "1-0"]
[Round "09"]
[TimeControl "180+1"]
[Date "2022.03.30"]
[WhiteClock "0:01:22"]
[BlackClock "0:01:04"]

1. d4 e6 2. c4 f5 3. g3 Nf6 4. Bg2 Be7 5. Nf3 O-O 6. O-O d6 7. b3 Ne4 8. Bb2 Bf6 9. Nbd2 Nxd2 10. Qxd2 Qe8 11. c5 d5 12. b4 c6 13. a4 Nd7 14. b5 e5 15. Nxe5 Nxe5 16. dxe5 Bxe5 17. Bxe5 Qxe5 18. e3 a6 19. bxc6 bxc6 20. Rab1 Rf7 21. Rb6 Rc7 22. Qd4 Qxd4 23. exd4 Kf7 24. Rxc6 Rd7 25. Rb1 Ke7 26. Re1+ Kf7 27. Re5 1-0


[Site "https://www.chess.com"]

[Event "Titled Tuesday Blitz March 29 Early 2022"]
[White "Tsyhanchuk, Stanislav"]
[Black "Vakhlamov, Igor L."]
[WhiteFideId "13505130"]
[BlackFideId "24126748"]
[WhiteElo "2078"]
[BlackElo "2401"]
[Result "1-0"]
[Round "09"]
[TimeControl "180+1"]
[Date "2022.03.29"]
[WhiteClock "0:00:32"]
[BlackClock "0:00:14"]

1. e4 c5 2. Nf3 Nc6 3. d4 cxd4 4. Nxd4 g6 5. Nc3 Bg7 6. Be3 Nf6 7. Nxc6 bxc6 8. e5 Ng8 9. Bd4 Qc7 10. f4 f6 11. Qe2 fxe5 12. Bxe5 Bxe5 13. fxe5 Nh6 14. O-O-O O-O 15. g4 Nf7 16. e6 dxe6 17. h4 Rb8 18. h5 g5 19. Kb1 Qe5 20. Qc4 Ba6 21. Qxa6 Qxc3 22. b3 Ne5 23. Bd3 h6 24. Qxa7 Ra8 25. Qxe7 Rxa2 26. Qh7# 1-0


[Site "https://www.chess.com"]

[Event "Titled Tuesday Blitz March 29 Early 2022"]
[White "Valle Maytin, Luis Enrique"]
[Black "Ciolacu, Alessia-Mihaela"]
[WhiteFideId "3503666"]
[BlackFideId "1252640"]
[WhiteElo "2259"]
[BlackElo "1777"]
[Result "0-1"]
[Round "09"]
[TimeControl "180+1"]
[Date "2022.03.30"]
[WhiteClock "0:00:44"]
[BlackClock "0:01:35"]

1. e4 e6 2. d4 d5 3. Bd3 dxe4 4. Bxe4 Nf6 5. Bf3 c5 6. c3 cxd4 7. cxd4 Bb4+ 8. Nc3 O-O 9. Ne2 Nc6 10. O-O Ne7 11. a3 Bd6 12. Bf4 Rb8 13. Bxd6 Qxd6 14. Ng3 b6 15. Qd2 Ned5 16. Nce4 Qd7 17. Nxf6+ Nxf6 18. Be4 Ba6 19. Rfe1 Rfd8 20. Rad1 Rbc8 21. Bb1 Bc4 22. Re3 Bd5 23. Ne4 Bxe4 24. Bxe4 Nxe4 25. Rxe4 Qd5 26. Re5 Qxe5 27. dxe5 Rxd2 28. Rxd2 Rc1+ 0-1


[Site "https://www.chess.com"]

[Event "Titled Tuesday Blitz March 29 Early 2022"]
[White "Vestby-Ellingsen, Mads"]
[Black "Kosteniuk, Alexandra"]
[WhiteFideId "1520857"]
[BlackFideId "4128125"]
[WhiteElo "2466"]
[BlackElo "2721"]
[Result "0-1"]
[Round "09"]
[TimeControl "180+1"]
[Date "2022.03.30"]
[WhiteClock "0:00:01"]
[BlackClock "0:00:53"]

1. e4 c6 2. d4 d5 3. exd5 cxd5 4. Bd3 Nc6 5. c3 Nf6 6. Bf4 Bg4 7. Qb3 Qd7 8. Nd2 e6 9. Ngf3 Bd6 10. Bxd6 Qxd6 11. O-O O-O 12. Rae1 Bxf3 13. Nxf3 Qc7 14. g3 Rae8 15. Kg2 Re7 16. h4 Rfe8 17. Ne5 Nxe5 18. Rxe5 Nd7 19. Re3 a6 20. Qc2 h6 21. Rfe1 b5 22. Qe2 Qb7 23. Bb1 a5 24. Qd3 Nf8 25. g4 Ng6 26. Kg1 e5 27. dxe5 Qd7 28. e6 Rxe6 29. Rxe6 Rxe6 30. Rxe6 Qxe6 31. h5 Qxg4+ 32. Kf1 Qxh5 33. Qxb5 Qd1+ 34. Kg2 Qxb1 35. a4 Qe4+ 36. Kg3 h5 37. Qb8+ Kh7 38. b3 h4+ 39. Kh3 Qf3+ 40. Kh2 Nf4 0-1


[Site "https://www.chess.com"]

[Event "Titled Tuesday Blitz March 29 Early 2022"]
[White "Vlassov, Nikolai"]
[Black "Timofeev, Artyom"]
[WhiteFideId "4103360"]
[BlackFideId "4140419"]
[WhiteElo "2407"]
[BlackElo "2594"]
[Result "0-1"]
[Round "09"]
[TimeControl "180+1"]
[Date "2022.03.29"]
[WhiteClock "0:00:01"]
[BlackClock "0:00:20"]

1. e4 c5 2. c3 e6 3. d4 d5 4. exd5 exd5 5. Nf3 Nc6 6. Be3 c4 7. b3 cxb3 8. axb3 Bd6 9. Bd3 Nge7 10. Qc2 h6 11. Nbd2 O-O 12. O-O Be6 13. b4 Rc8 14. Qb1 a6 15. b5 axb5 16. Qxb5 Qc7 17. Rfb1 Rb8 18. Nb3 Rfd8 19. Nc5 Bxc5 20. dxc5 Bf5 21. Nd4 Bxd3 22. Qxd3 Ng6 23. Nb5 Qe5 24. Bd4 Qh5 25. Qg3 Ra8 26. Rxa8 Rxa8 27. Nd6 Ra4 28. h3 Nxd4 29. cxd4 Rxd4 30. Rxb7 Qe5 31. Qxe5 Nxe5 32. Re7 f6 33. g3 Rd1+ 34. Kg2 Rc1 35. Nf5 Rxc5 36. Rxg7+ Kf8 37. Ra7 h5 38. f4 Rc2+ 39. Kf1 Nf3 40. Rd7 Nh2+ 41. Ke1 Nf3+ 42. Kd1 Rd2+ 43. Kc1 d4 44. Nh4 Rf2 45. Ng6+ Ke8 46. Re7+ Kd8 0-1


[Site "https://www.chess.com"]

[Event "Titled Tuesday Blitz March 29 Early 2022"]
[White "Vokhidov, Shamsiddin"]
[Black "Mirzoev, Azer"]
[WhiteFideId "14204223"]
[BlackFideId "13400304"]
[WhiteElo "2611"]
[BlackElo "2525"]
[Result "1-0"]
[Round "09"]
[TimeControl "180+1"]
[Date "2022.03.29"]
[WhiteClock "0:00:13"]
[BlackClock "0:00:05"]

1. e4 e5 2. Nf3 Nc6 3. Bb5 a6 4. Ba4 Nge7 5. O-O d6 6. d4 Bd7 7. Bb3 h6 8. Nc3 Ng6 9. h3 Be7 10. Nd5 O-O 11. c3 Re8 12. Nxe7+ Qxe7 13. Re1 Rad8 14. Bc2 Qf6 15. Be3 Nf4 16. Nh2 Ne7 17. Ng4 Qg5 18. Bxf4 Qxf4 19. Ne3 Bc6 20. g3 Qg5 21. h4 Qg6 22. Qf3 Nc8 23. Rad1 Nb6 24. b3 exd4 25. Rxd4 Nd7 26. Qf4 Ne5 27. Nf5 Qf6 28. Rdd1 h5 29. Kg2 g6 30. Nd4 Kg7 31. Qxf6+ Kxf6 32. f4 Ng4 33. Nxc6 bxc6 34. Kf3 Rb8 35. Rd4 c5 36. Ra4 Rb6 37. Bd3 Ra8 38. Ra5 Ke7 39. e5 Kd7 40. Bc4 Nh6 41. Rd1 Ke7 42. Bd3 Nf5 43. Re1 Kf8 44. exd6 cxd6 45. Bxf5 gxf5 46. Rd1 Re8 47. Rd5 Re1 48. Rxf5 Rc1 49. c4 Rc3+ 50. Kg2 Rc2+ 51. Kh3 Rc1 52. Rxh5 Rb7 53. Rxa6 Kg7 54. Rxd6 Ra7 55. Rg5+ Kf8 56. a4 Rc3 57. h5 Rxb3 58. h6 Ke7 59. h7 Ra8 60. Rg8 Rb1 61. Rxa8 1-0


[Site "https://www.chess.com"]

[Event "Titled Tuesday Blitz March 29 Early 2022"]
[White "Vovk, Orest"]
[Black "Ambartsumova, Karina"]
[WhiteFideId "14113490"]
[BlackFideId "4166299"]
[WhiteElo "2453"]
[BlackElo "2598"]
[Result "0-1"]
[Round "09"]
[TimeControl "180+1"]
[Date "2022.03.30"]
[WhiteClock "0:00:06"]
[BlackClock "0:00:11"]

1. h4 e5 2. h5 h6 3. d4 exd4 4. Qxd4 Nf6 5. Qa4 Nc6 6. g4 d5 7. g5 Ne4 8. g6 Be6 9. gxf7+ Bxf7 10. Nd2 Nc5 11. Qg4 Qf6 12. Ngf3 Be6 13. Qh4 Qf7 14. Nb3 Be7 15. Qf4 O-O-O 16. Bh3 Kb8 17. Qxf7 Bxf7 18. Nxc5 Bxc5 19. Bf5 Rhe8 20. Bf4 d4 21. a3 Rd5 22. Bg6 Rf8 23. Bxf7 Rxf7 24. Bg3 Rff5 25. O-O-O Rxh5 26. Rhg1 Rhf5 27. Nd2 b5 28. Nb3 Bf8 29. f3 g5 30. Bf2 Bg7 31. Rh1 Kb7 32. Rhg1 Rf7 33. Rg4 Rfd7 34. Re4 a5 35. Re6 a4 36. Nd2 R5d6 37. Re8 Rd8 38. Rxd8 Rxd8 39. Ne4 Kb6 40. Bg3 Be5 41. Bxe5 Nxe5 42. Rh1 Nf7 43. Ng3 Rd6 44. Kd2 c5 45. Nf5 Rf6 46. Ng3 Kc6 47. Ne4 Re6 48. Ng3 Kd5 49. Nf5 c4 50. Ng7 Rg6 51. Nf5 Rf6 52. Ng3 Nd6 53. Ne4 Nxe4+ 54. fxe4+ Kxe4 55. c3 dxc3+ 56. bxc3 g4 57. Rh5 g3 58. Rh3 Rg6 59. Rh4+ Kf5 60. Rh1 g2 61. Rg1 h5 62. Ke3 h4 63. Kf2 h3 64. Re1 h2 65. e4+ Ke5 0-1


[Site "https://www.chess.com"]

[Event "Titled Tuesday Blitz March 29 Early 2022"]
[White "Vysochin, Spartak"]
[Black "Omelja, Artem"]
[WhiteFideId "14103516"]
[BlackFideId "14119846"]
[WhiteElo "2682"]
[BlackElo "2552"]
[Result "1-0"]
[Round "09"]
[TimeControl "180+1"]
[Date "2022.03.30"]
[WhiteClock "0:00:15"]
[BlackClock "0:00:03"]

1. e4 c5 2. c3 d5 3. exd5 Qxd5 4. d4 Nf6 5. Nf3 e6 6. Na3 Nc6 7. Nb5 Qd8 8. dxc5 Bxc5 9. Qxd8+ Kxd8 10. b4 Bb6 11. Nd6 Ke7 12. Nc4 Bc7 13. b5 Na5 14. Ba3+ Ke8 15. Nd6+ Bxd6 16. Bxd6 b6 17. c4 Nd7 18. Nd2 Bb7 19. f3 Rc8 20. Kf2 f6 21. Be2 Kf7 22. Bb4 Rhd8 23. Rhc1 Nc5 24. Bxc5 Rxc5 25. Nb3 Rc7 26. Nxa5 bxa5 27. c5 Bd5 28. a4 Rb8 29. Ke3 f5 30. g3 Kf6 31. c6 e5 32. Rc5 Be6 33. Rd1 g6 34. f4 e4 35. Re5 Bb3 36. Rd6+ Kf7 37. Rd4 Be6 38. Bc4 Bxc4 39. Rxc4 Rd8 40. Rd4 Rdc8 41. Rd6 Rb8 42. h3 Kf8 43. g4 Kf7 44. gxf5 gxf5 45. Rxf5+ Ke7 46. Rh6 Rh8 47. Kxe4 Kd8 48. Kd5 Re7 49. Re5 Rg7 50. Reh5 Kc7 51. f5 Rd8+ 52. Kc5 Rf8 53. f6 Rgf7 54. Rxh7 Kb8 55. Rxf7 Rxf7 56. Rf5 Kc7 57. h4 Rh7 58. h5 Rf7 59. h6 Kd8 60. h7 Rxh7 61. f7 Kc7 62. f8=Q Rd7 63. cxd7 a6 64. Qc8# 1-0


[Site "https://www.chess.com"]

[Event "Titled Tuesday Blitz March 29 Early 2022"]
[White "Wu, Sibo"]
[Black "Shtyka, Sergey"]
[WhiteFideId "8606048"]
[BlackFideId "4138465"]
[WhiteElo "2326"]
[BlackElo "2014"]
[Result "1-0"]
[Round "09"]
[TimeControl "180+1"]
[Date "2022.03.30"]
[WhiteClock "0:00:46"]
[BlackClock "0:01:34"]

1. d4 c5 2. d5 e5 3. c4 d6 4. Nc3 Be7 5. g3 Nf6 6. Bg2 O-O 7. Nf3 a6 8. a4 b6 9. Qc2 Nbd7 10. O-O Ne8 11. e4 Nc7 12. Bd2 Rb8 13. Rfb1 b5 14. axb5 axb5 15. cxb5 Nxb5 16. Nxb5 Rxb5 17. b4 cxb4 18. Bf1 Rc5 19. Qb3 Nf6 20. Bxb4 Nxe4 21. Bxc5 Nxc5 22. Qb8 e4 23. Nd4 Bf6 24. Nc6 Qd7 25. Ra8 Be7 26. Nxe7+ Qxe7 27. Qxc8 1-0


[Site "https://www.chess.com"]

[Event "Titled Tuesday Blitz March 29 Early 2022"]
[White "Xu, Yi"]
[Black "Reprintsev, Alexander"]
[WhiteFideId "8605564"]
[BlackFideId "14100541"]
[WhiteElo "2471"]
[BlackElo "2108"]
[Result "1-0"]
[Round "09"]
[TimeControl "180+1"]
[Date "2022.03.29"]
[WhiteClock "0:00:55"]
[BlackClock "0:01:25"]

1. e4 d5 2. exd5 Qxd5 3. Nc3 Qa5 4. Nf3 Nf6 5. d4 Nc6 6. Bb5 Ne4 7. Qd3 Nxc3 8. bxc3 a6 9. Bxc6+ bxc6 10. Ne5 f6 11. Nc4 Qf5 12. a4 a5 13. Ba3 Qxd3 14. cxd3 Ba6 15. Kd2 Bxc4 16. dxc4 Kd7 17. Rab1 e5 18. Bxf8 Rhxf8 19. Rhe1 exd4 20. cxd4 Rab8 21. Kd3 Kd6 22. c5+ Kd7 23. Kc4 h5 24. g3 g5 25. d5 cxd5+ 26. Kxd5 c6+ 27. Ke4 Ke6 28. Rb6 Rxb6 29. cxb6 Rb8 30. Kd4+ Kd6 31. Rb1 c5+ 32. Kc4 Kc6 33. b7 h4 34. g4 h3 35. f3 f5 36. gxf5 Kd6 37. Rb6+ Ke5 38. f6 Kf4 39. f7 Kxf3 40. Rf6+ Kg2 41. f8=Q 1-0


[Site "https://www.chess.com"]

[Event "Titled Tuesday Blitz March 29 Early 2022"]
[White "Yanayt, Eugene"]
[Black "Srinath, Rao S.V."]
[WhiteFideId "2020165"]
[BlackFideId "5028876"]
[WhiteElo "2352"]
[BlackElo "2528"]
[Result "1-0"]
[Round "09"]
[TimeControl "180+1"]
[Date "2022.03.30"]
[WhiteClock "0:00:46"]
[BlackClock "0:00:39"]

1. d4 d5 2. c4 c6 3. Nf3 Nf6 4. g3 Bf5 5. Nc3 e6 6. Nh4 Bg6 7. Qb3 Qb6 8. Nxg6 hxg6 9. Bg2 Nbd7 10. O-O Be7 11. e4 dxe4 12. Nxe4 Nxe4 13. Bxe4 O-O 14. Be3 Nf6 15. Bf3 Qc7 16. Rac1 Rfd8 17. d5 e5 18. Rfd1 a5 19. Bb6 Qc8 20. Bxd8 Bxd8 21. dxc6 bxc6 22. Rd6 Qf5 23. Bxc6 Rc8 24. Qf3 Qg5 25. Rcd1 Bb6 26. Bd5 Bc5 27. Rc6 Rxc6 28. Bxc6 Ng4 29. Rf1 Qh5 30. Qg2 Bd4 31. b3 f5 32. Bd5+ Kh7 33. a3 f4 34. Bf3 e4 35. Bxe4 fxg3 36. hxg3 Nxf2 37. Rxf2 Qe2 38. Qh3+ Kg8 39. Qe6+ Kh8 40. Qe8+ Kh7 41. Qxg6+ Kh8 42. Qh7# 1-0


[Site "https://www.chess.com"]

[Event "Titled Tuesday Blitz March 29 Early 2022"]
[White "Yang, Kaiqi"]
[Black "Vusatiuk, Vladimir"]
[WhiteFideId "8604398"]
[BlackFideId "14118610"]
[WhiteElo "2592"]
[BlackElo "2477"]
[Result "1-0"]
[Round "09"]
[TimeControl "180+1"]
[Date "2022.03.30"]
[WhiteClock "0:00:15"]
[BlackClock "0:00:02"]

1. e4 c6 2. d4 Qa5+ 3. c3 Na6 4. Nf3 Nc7 5. Bd3 Qh5 6. O-O d6 7. Nbd2 e5 8. Re1 Nf6 9. dxe5 dxe5 10. Nc4 Bg4 11. Ncxe5 O-O-O 12. Nxg4 Nxg4 13. h3 Ne5 14. Nxe5 Qxe5 15. Qf3 Bd6 16. g3 Ne6 17. Bf1 Kb8 18. Qf5 Qxf5 19. exf5 Nc5 20. Be3 Na4 21. Rab1 Rhe8 22. Bc4 Re7 23. Bb3 Nc5 24. Bc2 Rde8 25. Kg2 f6 26. Red1 Kc7 27. b4 Ne4 28. Bxe4 Rxe4 29. Rd3 Rc4 30. Rbd1 Be5 31. Rd7+ Kc8 32. Rxg7 Bxc3 33. Rxh7 Rxb4 34. h4 Rb2 35. Kf3 Be5 36. h5 Rxa2 37. h6 Ra5 38. Rg7 Bc3 39. Kg4 Re4+ 40. Bf4 1-0


[Site "https://www.chess.com"]

[Event "Titled Tuesday Blitz March 29 Early 2022"]
[White "Zaksaite, Salomeja"]
[Black "Rastbod, Ali"]
[WhiteFideId "12801496"]
[BlackFideId "12567477"]
[WhiteElo "1953"]
[BlackElo "2200"]
[Result "0-1"]
[Round "09"]
[TimeControl "180+1"]
[Date "2022.03.29"]
[WhiteClock "0:00:01"]
[BlackClock "0:01:06"]

1. e4 g6 2. d4 Bg7 3. Nc3 d6 4. Be3 a6 5. Nf3 b5 6. Bd3 Bb7 7. Qd2 h6 8. a4 b4 9. Ne2 a5 10. c3 Nd7 11. cxb4 axb4 12. Qxb4 Rb8 13. Qd2 Ngf6 14. Ng3 Ng4 15. b4 Nxe3 16. fxe3 c5 17. Rb1 cxb4 18. Rxb4 O-O 19. O-O e5 20. Rfb1 Ba8 21. Rxb8 Nxb8 22. dxe5 dxe5 23. Bb5 Qe7 24. Qb4 Qa7 25. Qb3 Nd7 26. h4 Nc5 27. Qc4 Ne6 28. Rb3 Rd8 29. h5 Rd6 30. hxg6 fxg6 31. Nh4 Kh7 32. Rd3 Rxd3 33. Qxd3 Nc5 34. Qc2 h5 35. Kf2 Bh6 36. Nf3 Nxe4+ 37. Nxe4 Qxe3+ 38. Kf1 Bxe4 39. Qc7+ Bg7 40. Qe7 Bxf3 41. gxf3 Qxf3+ 42. Ke1 e4 43. Be2 Qc3+ 44. Kf1 e3 45. Qd7 Kh6 46. Qb5 Qf6+ 47. Kg2 Qf2+ 48. Kh1 h4 0-1


[Site "https://www.chess.com"]

[Event "Titled Tuesday Blitz March 29 Early 2022"]
[White "Zemlyanskii, Ivan"]
[Black "Maung, Maung Kyaw Zaw Hein"]
[WhiteFideId "24249971"]
[BlackFideId "13001698"]
[WhiteElo "2557"]
[BlackElo "2468"]
[Result "1-0"]
[Round "09"]
[TimeControl "180+1"]
[Date "2022.03.30"]
[WhiteClock "0:01:45"]
[BlackClock "0:01:22"]

1. d4 d5 2. c4 c6 3. Nf3 Nf6 4. e3 Bf5 5. cxd5 cxd5 6. Qb3 Nc6 7. Qxb7 Bd7 8. Bb5 Rb8 9. Qxc6 Bxc6 10. Bxc6+ Nd7 11. Ne5 Qa5+ 12. Bd2 Qb6 13. Bxd7+ Kd8 14. O-O Rg8 15. Ba5 Qxa5 16. Nc6+ Kxd7 17. Nxa5 Rxb2 18. Nc3 e6 19. Rab1 Ba3 20. Rxb2 Bxb2 21. Na4 Ba3 22. Rb1 Rc8 23. g3 Rc2 24. Rb7+ Ke8 25. Rxa7 Rxa2 26. Nc6 Bd6 27. Ra8+ Kd7 28. Nc5+ 1-0


[Site "https://www.chess.com"]

[Event "Titled Tuesday Blitz March 29 Early 2022"]
[White "Zhao, Jun"]
[Black "Atakhan, Abtin"]
[WhiteFideId "8602522"]
[BlackFideId "22502203"]
[WhiteElo "2547"]
[BlackElo "2119"]
[Result "0-1"]
[Round "09"]
[TimeControl "180+1"]
[Date "2022.03.29"]
[WhiteClock "0:00:01"]
[BlackClock "0:00:51"]

1. d4 Nf6 2. Bf4 d5 3. e3 c5 4. Nf3 Nc6 5. Nbd2 cxd4 6. exd4 a6 7. c3 Bf5 8. Be2 h6 9. O-O e6 10. Ne5 Nxe5 11. Bxe5 Nd7 12. Bg3 Be7 13. Nb3 O-O 14. a4 Nb6 15. Re1 Rc8 16. Nd2 Bd6 17. Qb3 Bxg3 18. hxg3 Qc7 19. g4 Bg6 20. g3 Nd7 21. Qa3 e5 22. dxe5 Nxe5 23. Qb4 Rfe8 24. Nf1 Be4 25. Ne3 Nf3+ 26. Bxf3 Bxf3 27. Qf4 Qxf4 28. gxf4 Re4 29. Kh2 Rxf4 30. Kg3 g5 31. Ra3 Be4 32. Re2 d4 33. cxd4 Rc1 34. Rb3 Rf3+ 0-1


[Site "https://www.chess.com"]

[Event "Titled Tuesday Blitz March 29 Early 2022"]
[White "volunteers1998"]
[Black "Golubev, Mikhail"]
[BlackFideId "14100983"]
[WhiteElo "2298"]
[BlackElo "2374"]
[Result "1-0"]
[Round "09"]
[TimeControl "180+1"]
[Date "2022.03.30"]
[WhiteClock "0:00:11"]
[BlackClock "0:00:10"]

1. e4 c5 2. Nf3 d6 3. d4 cxd4 4. Nxd4 Nf6 5. Nc3 g6 6. Be3 Bg7 7. f3 a6 8. Qd2 Nbd7 9. g4 b5 10. h4 b4 11. Nce2 d5 12. exd5 Nxd5 13. O-O-O Bb7 14. h5 Qa5 15. Kb1 Nxe3 16. Qxe3 Qe5 17. Qxe5 Nxe5 18. Bg2 O-O-O 19. h6 Bf6 20. Nf4 Nc4 21. Nb3 Rxd1+ 22. Rxd1 Ne3 23. Rd2 Bg5 24. Nd3 Nxg2 25. Rxg2 Bxf3 26. Rf2 Bxg4 27. Rxf7 Bf6 28. Nxb4 Be6 29. Rxf6 exf6 30. Nc5 Bh3 31. Nbxa6 g5 32. Ne4 Re8 33. Nd6+ Kd7 34. Nxe8 Kxe8 35. Kc1 g4 36. Kd2 g3 37. Ke3 Bg4 38. Nc5 f5 39. Ne6 Ke7 40. Nf4 Kf6 41. a4 Bd1 42. a5 Bxc2 43. Kf3 Be4+ 44. Kxg3 Kg5 45. b4 Kxh6 46. b5 Kg5 47. a6 Kf6 48. b6 1-0


[Site "https://www.chess.com"]

[Event "Titled Tuesday Blitz March 29 Early 2022"]
[White "Abdrlauf, Elham"]
[Black "Manukyan, Sargis A."]
[WhiteFideId "1533533"]
[BlackFideId "13303970"]
[WhiteElo "2334"]
[BlackElo "2187"]
[Result "1-0"]
[Round "10"]
[TimeControl "180+1"]
[Date "2022.03.29"]
[WhiteClock "0:00:35"]
[BlackClock "0:00:08"]

1. e4 c5 2. Nf3 d6 3. d4 cxd4 4. Nxd4 Nf6 5. Nc3 g6 6. Bc4 Bg7 7. Bb3 O-O 8. f3 Nc6 9. Be3 Bd7 10. Qd2 Rc8 11. O-O-O Nxd4 12. Bxd4 b5 13. Nd5 Nxd5 14. Bxg7 Kxg7 15. exd5 a5 16. a3 b4 17. axb4 axb4 18. Qxb4 Rb8 19. Qd4+ Kg8 20. h4 Qa5 21. h5 Rb4 22. Qe3 Qa1+ 23. Kd2 Qxb2 24. hxg6 hxg6 25. Ke2 Rc8 26. Rd2 Qe5 27. Qxe5 dxe5 28. Kf2 Ba4 29. Re1 Bxb3 30. cxb3 f6 31. Re3 Rd8 32. Red3 Rd6 33. Ke2 Kf7 34. Kd1 f5 35. Kc2 Kf6 36. Kb2 g5 37. Rc3 g4 38. Rc6 gxf3 39. gxf3 Rb5 40. Rxd6+ exd6 41. Kc3 Rc5+ 42. Kb2 e4 43. f4 Kg6 44. b4 Rb5 45. Kc3 Kh5 46. Kc4 Rb8 47. Rg2 Kh4 48. Rg6 Re8 49. Re6 Rd8 50. Kd4 Kg4 51. Ke3 Rb8 52. Rxd6 Kh4 53. Rf6 Kg4 54. Rg6+ Kh4 55. Rg5 Rxb4 56. Rxf5 Kg4 57. Rg5+ Kh4 58. d6 Rb6 59. Rd5 Rb7 60. d7 Rxd7 61. Rxd7 Kh5 62. Rg7 Kh6 63. Rg5 Kh7 64. Kxe4 Kh6 65. Kf5 Kh7 66. Kf6 Kh8 67. Kf7 Kh7 68. Rh5# 1-0


[Site "https://www.chess.com"]

[Event "Titled Tuesday Blitz March 29 Early 2022"]
[White "Abdusattorov, Nodirbek"]
[Black "Tasev, Dejan"]
[WhiteFideId "14204118"]
[BlackFideId "936618"]
[WhiteElo "2663"]
[BlackElo "2253"]
[Result "0-1"]
[Round "10"]
[TimeControl "180+1"]
[Date "2022.03.29"]
[WhiteClock "0:00:04"]
[BlackClock "0:00:06"]

1. d4 Nf6 2. c4 e6 3. Nc3 d5 4. cxd5 exd5 5. Bg5 c6 6. e3 Be7 7. Bd3 Nbd7 8. Qc2 O-O 9. Nf3 Re8 10. O-O Nf8 11. h3 g6 12. Rab1 Ne6 13. Bh4 Ng7 14. b4 Nf5 15. Bg5 b5 16. a4 a6 17. Ne5 Qb6 18. Rfc1 Be6 19. Ne2 Rac8 20. Nxc6 Kg7 21. Bxf6+ Kxf6 22. axb5 axb5 23. Nf4 Bd6 24. Nxe6 fxe6 25. Qe2 Rxc6 26. Rxc6 Qxc6 27. Bxb5 Qc8 28. Bxe8 Qxe8 29. b5 Bb8 30. b6 Qc6 31. g3 Qd6 32. Qf3 Kg7 33. b7 Qc6 34. Qe2 Nd6 35. Qa2 Nc4 36. Qa8 Qd6 37. Rb3 h5 38. h4 g5 39. hxg5 h4 40. Qa4 hxg3 41. f4 Nd2 42. Rb2 Ne4 43. Qe8 Qa6 44. Qe7+ Kg6 45. Qe8+ Kf5 46. Kg2 Kg4 47. g6 Qa3 48. Qxe6+ Kh5 49. Re2 Qd3 50. Kf3 Qd1 51. Qh3+ Kxg6 52. f5+ Kf6 53. Qh6+ Kf7 54. Qg6+ Ke7 55. Qe6+ Kf8 56. Qxd5 Qxe2+ 57. Kxe4 Qg2+ 0-1


[Site "https://www.chess.com"]

[Event "Titled Tuesday Blitz March 29 Early 2022"]
[White "Adewumi, Tanitoluwa"]
[Black "Sarkar, Justin"]
[WhiteFideId "30966396"]
[BlackFideId "2010011"]
[WhiteElo "2556"]
[BlackElo "2038"]
[Result "0-1"]
[Round "10"]
[TimeControl "180+1"]
[Date "2022.03.30"]
[WhiteClock "0:00:09"]
[BlackClock "0:00:04"]

1. Nf3 d5 2. c4 d4 3. g3 Nc6 4. Bg2 e5 5. d3 h6 6. O-O Nf6 7. e3 Be7 8. exd4 exd4 9. Re1 O-O 10. a3 a5 11. Nfd2 Bg4 12. Qa4 Nd7 13. Nb3 Nb6 14. Qb5 a4 15. c5 Nd7 16. Qxb7 axb3 17. Qxc6 Rb8 18. Bf4 Rc8 19. Nd2 Nxc5 20. Bf1 Be6 21. Qg2 Bd5 22. f3 Ne6 23. Be5 Bd6 24. Bxd6 Qxd6 25. f4 Bxg2 26. Bxg2 Nc5 27. Nc4 Qd7 28. Ne5 Qd8 29. Nc6 Qf6 30. Ne7+ Kh8 31. Nxc8 Rxc8 32. Red1 Ne6 33. Rf1 c5 34. Rac1 g6 35. Rc4 Ng7 36. Re1 Nf5 37. Re5 Ne3 38. Be4 Nxc4 39. dxc4 Kg7 40. Bd3 Rd8 41. Kf2 Rd7 42. Rxc5 Re7 43. a4 Re3 44. Be2 Qe7 45. Re5 Rxe5 46. fxe5 Qxe5 47. a5 Qe3+ 48. Ke1 d3 0-1


[Site "https://www.chess.com"]